 Dungeon Crawl Stone Soup version 0.17-a0-1105-gbe8b664 (webtiles) character file.

137 HeyJoe the Chopper (level 5, 0/69 HPs)
             Began as a Deep Dwarf Berserker on May 21, 2015.
             Was a Believer of Trog.
             Slain by an orc
             ... wielding a +0 trident
              (2 damage)
             ... on level 3 of the Dungeon.
             The game lasted 00:09:43 (2145 turns).

HeyJoe the Chopper (Deep Dwarf Berserker)           Turns: 2145, Time: 00:09:44

Health: 0/69       AC:  5    Str: 27    XL:     5   Next: 0%
Magic:  5/5        EV: 11    Int:  7    God:    Trog [**....]
Gold:   129        SH:  0    Dex: 12    Spells: 0 memorised, 4 levels left

rFire  . . .     SeeInvis .     a - +0 hand axe
rCold  . . .     Clarity  .     f - +0 ring mail (curse)
rNeg   . . .     SustAb   .     (no shield)
rPois  .         Gourm    .     (no helmet)
rElec  .         Spirit   .     (no cloak)
rCorr  .         Warding  .     (no gloves)
rMut   .         Stasis   .     (no boots)
MR     .....                    (no amulet)
Stlth  ..........               (no ring)
                                (no ring)

@: berserking, non-regenerating, very quick, not resistant to hostile
enchantments, extremely unstealthy
A: damage resistance, recharge devices, sense surroundings 1, slow healing 3
a: Device Recharging, Burn Spellbooks, Berserk, Trog's Hand, Renounce Religion


You were on level 3 of the Dungeon.
You worshipped Trog.
Trog was pleased with you.
You were not hungry.

You visited 1 branch of the dungeon, and saw 3 of its levels.

You collected 129 gold pieces.

Inventory:

Hand weapons
 a - a +0 hand axe (weapon)
Armour
 b - a +0 animal skin
 f - a cursed +0 ring mail (worn)
Magical devices
 c - a wand of heal wounds (5)
Scrolls
 e - 4 scrolls of identify {unknown}
 g - a scroll of blinking {unknown}
 h - 3 scrolls of remove curse {unknown}
 i - 3 scrolls of recharging {unknown}
 j - a scroll of amnesia {unknown}
 n - a scroll of enchant weapon {unknown}
 p - a scroll of enchant armour {unknown}
Potions
 m - 2 potions of lignification {unknown}
 o - a potion of haste {unknown}
Comestibles
 d - 2 bread rations
 k - a slice of pizza
 l - 7 chunks of flesh
 q - a meat ration


   Skills:
 - Level 2.6 Fighting
 + Level 6.3 Axes
 - Level 2.1 Armour
 - Level 2.1 Dodging


You had 4 spell levels left.
You didn't know any spells.

Dungeon Overview and Level Annotations

Branches:
Dungeon (3/15)

Altars:
The Shining One


Innate Abilities, Weirdness & Mutations

You are resistant to damage.
You can recharge devices by infusing magical energy.
You passively map a small area around you.
You do not heal naturally.


Message History

The orc hits you from afar with a trident.
* * * LOW HITPOINT WARNING * * *
The orc hits you but does no damage.
You completely miss the orc.
The orc is heavily wounded.
The orc hits you but does no damage.
You closely miss the orc.
The orc is heavily wounded.
The orc closely misses you.
You closely miss the orc.
The orc is heavily wounded.
The orc hits you from afar with a trident.
* * * LOW HITPOINT WARNING * * *
The orc closely misses you.
You hit the orc.
You kill the orc!
Trog accepts your kill.
You have reached level 5!
The orc hits you with a trident.
You die...

.. ....# # *
##.###.# , #. og#.
, #......# #.##.. *
#.##.### #..#o# #
#.##.### *#.#o#
###.# #.##....
#..o# ... ##.######
##..####.# #[.#
#.g##<..# #.##
#.oo@.### #.#
#.g#### ####.#
#.##### ##....#
#.....###..####
#.....##..#########
#.....##.#.........
#.....##.#>.#######
#.....รท.....#
#.....##....#


You could see a gnoll, 2 orcs and a goblin.

Vanquished Creatures
  An orc priest (D:3)
  A gnoll (D:3)
  4 adders
  An ooze (D:2)
  A worm (D:3)
  2 orcs (D:3)
  8 bats
  4 giant cockroaches
  6 hobgoblins
  4 kobolds
  2 ball pythons (D:2)
  10 goblins
  10 rats
54 creatures vanquished.

Notes
Turn   | Place    | Note
--------------------------------------------------------------
     0 | D:1      | HeyJoe the Deep Dwarf Berserker began the quest for the Orb.
     0 | D:1      | Reached XP level 1. HP: 20/20 MP: 1/1
   127 | D:1      | You fall through a shaft!
   150 | D:2      | Reached skill level 4 in Axes
   150 | D:2      | Reached XP level 2. HP: 22/27 MP: 2/2
   411 | D:1      | Reached XP level 3. HP: 26/33 MP: 3/3
   986 | D:1      | Reached skill level 5 in Axes
  1236 | D:2      | Acquired Trog's second power
  1516 | D:2      | Found a glowing golden altar of the Shining One.
  1922 | D:3      | Reached XP level 4. HP: 29/40 MP: 4/4
  2137 | D:3      | Reached skill level 6 in Axes
  2143 | D:3      | HP: 2/60 [orc/trident (4)]
  2144 | D:3      | Reached XP level 5. HP: 2/46 MP: 5/5
  2145 | D:3      | Slain by an orc

Vault maps used:
D:1:      minmay_arrival_nine_rooms, hangedman_decor_lopped, nrook_uturn
D:2:      nicolae_overflow_crystal_walls, hangedman_decor_points

Action                   |  1- 3 |  4- 6 || total
-------------------------+-------+-------++-------
Melee: Hand axe          |   116 |    63 ||   179
Invok: Berserk           |       |     1 ||     1
  Eat: Chunk             |     3 |     1 ||     4
